 Dungeon Crawl Stone Soup version 0.30.1-11-g7821555f0a (webtiles) character file.

Game seed: 9964452637701962033

50 stackz the Trooper (level 3, 0/33 HPs)
             Began as a Draconian Berserker on Jan 13, 2024.
             Was a Believer of Trog.
             Killed from afar by Natasha (4 damage)
             ... with a magic dart
             ... on level 2 of the Dungeon.
             The game lasted 00:02:18 (854 turns).

stackz the Trooper (Draconian Berserker)             Turns: 854, Time: 00:02:20

Health: 0/33       AC:  6    Str: 21    XL:     3   Next: 55%
Magic:  3/3        EV: 12    Int:  7    God:    Trog [**....]
Gold:   71         SH:  0    Dex: 10    Spells: 2/2 levels left

rFire   . . .        a - +0 hand axe
rCold   . . .        (no shield)
rNeg    . . .        (body armour unavailable)
rPois   .            (helmet restricted)
rElec   .            d - +0 cloak
rCorr   .            (no gloves)
SInv    .            (no boots)
Will    .....        f - amulet of magic regeneration
Stlth   +            (no ring)
HPRegen 0.25/turn    (no ring)
MPRegen 0.48/turn

%: no passive effects
@: slowed, very slow
A: AC +5, unfitting armour, cold-blooded
a: Renounce Religion, Berserk, Trog's Hand


You were on level 2 of the Dungeon.
You worshipped Trog.
Trog was pleased with you.
You visited 1 branch of the dungeon, and saw 2 of its levels.

You collected 71 gold pieces.

Inventory:

Hand Weapons
 a - a +0 hand axe (weapon)
Armour
 d - a +0 cloak (worn)
Jewellery
 f - an amulet of magic regeneration (around neck)
Scrolls
 e - a scroll of fog {unknown}
 h - a scroll of brand weapon {unknown}
 i - a scroll of identify {unknown}
Potions
 b - 2 potions of attraction {unknown}
 c - a potion of lignification {unknown}
 g - 2 potions of heal wounds {unknown}
 j - a potion of magic {unknown}


   Skills:
 + Level 3.8 Fighting
 + Level 3.6 Axes
 + Level 3.2 Dodging
 + Level 0.3 Stealth


You had 2 spell levels left.
You didn't know any spells.
Your spell library contained the following spells:

 Spells                   Type           Power      Damage    Failure   Level
 Vhi's Electric Charge    Tloc/Air       0%         N/A       80%         3
 Arcjolt                  Conj/Air       0%         1d10      100%        5
 Plasma Beam              Fire/Air       0%         2x1d11    100%        6


Dungeon Overview and Level Annotations

Branches:
Dungeon (2/15)

Altars:

Annotations:
D:2 Natasha


Innate Abilities, Weirdness & Mutations

Your plain brown scales are hard. (AC +5)
You cannot fit into any form of body armour.
You are cold-blooded and may be slowed by cold attacks.


Message History

You resist with significant effort.
You barely miss Natasha.
Natasha is lightly wounded.
The cerulean imp hits you from afar with a +1 spear.
Natasha closely misses you. The cerulean imp closely misses you.
You hit Natasha.
Natasha is moderately wounded.
You hit the kobold but do no damage. The kobold hits you but does no damage.
The cerulean imp closely misses you. Natasha claws you!
The cerulean imp barely misses you. The kobold hits you but does no damage.
You hit Natasha but do no damage.
Natasha is moderately wounded.
You hit the kobold.
The cerulean imp hits you from afar with a +1 spear.
Natasha barely misses you.
The cerulean imp hits you from afar with a +1 spear.
The kobold barely misses you.
You closely miss Natasha.
Your tail-slap misses Natasha.
Natasha is moderately wounded.
You hit the kobold.
You kill the kobold!
Trog accepts your kill.
The cerulean imp hits you from afar with a +1 spear.
* * * LOW HITPOINT WARNING * * *
Natasha misses you.
The cerulean imp hits you from afar with a +1 spear.
* * * LOW HITPOINT WARNING * * *
You hit Natasha.
Natasha is moderately wounded.
The cerulean imp misses you. The cerulean imp barely misses you.
Natasha casts a spell at you.
You feel yourself slow down. The cerulean imp barely misses you.
You hit Natasha. Your punch misses Natasha.
Natasha is heavily wounded.
Natasha claws you.
* * * LOW HITPOINT WARNING * * *
The cerulean imp closely misses you. The cerulean imp barely misses you.
Natasha casts a spell at you. The magic dart hits you.
You die...

#.# #.# #.######.#######
#.#............# #
#.#.###....).#....#
#.#..<###.##.#.# ##..#
#.#.#.##.......#####+##
#.....###.............#
#.#.......#......5.....
#...##.##.#....@h5.....
.................)......
.....##.#####...........
.#.####.# #..........<
.#. ... ############ #.
### #.


You could see Natasha and 2 cerulean imps.

Vanquished Creatures
  A dart slug (D:1)
  7 endoplasms (D:1)
  2 giant cockroaches (D:1)
  A goblin (D:1)
  5 hobgoblins (D:1)
  6 jackals (D:1)
  3 kobolds
  2 quokkas (D:1)
  5 ball pythons (D:1)
  3 bats
  A frilled lizard (D:1)
  6 rats
42 creatures vanquished.

Notes
Turn   | Place    | Note
-------+----------+-------------------------------------------
     0 | D:1      | stackz the Draconian Berserker began the quest for the Orb.
     0 | D:1      | Reached XP level 1. HP: 19/19 MP: 1/1
   112 | D:1      | Reached XP level 2. HP: 25/26 MP: 2/2
   340 | D:1      | Reached XP level 3. HP: 33/33 MP: 3/3
   589 | D:1      | Reached ** piety under Trog
   841 | D:2      | Noticed Natasha
   854 | D:2      | Killed from afar by Natasha

Illustrated notes

Levels and vault maps discovered:
D:1:      lemuel_arrival_funnel, layout_loops_cross, serial_bayou,
          serial_bayou_lake_a, serial_bayou_shore_b, serial_bayou_pond_c,
          serial_bayou_shore_b
D:2:      layout_basic, lightli_corner_chamber, uniq_natasha

Skill      XL: |  1  2 |
---------------+-------+-----
Dodging        | 3 |  3.2
Fighting       | |  3.8
Axes           | |  3.6
Stealth        | |  0.3

Action                     || total
---------------------------++-------
  Melee: Hand axe          ||   122
         Tailslap          ||     6
         Punch             ||     1
 Armour: Skin              ||    54
  Dodge: Dodged            ||   134
